 Dungeon Crawl Stone Soup version 0.17-a0-1979-g1c74939 (webtiles) character file.

19278 tp1 the Bludgeoner (level 12, 0/64 HPs)
             Began as a Gargoyle Berserker on Oct 5, 2015.
             Was a High Priest of Trog.
             Slain by an elephant (5 damage)
             ... on level 3 of the Lair of Beasts.
             The game lasted 01:01:47 (7564 turns).

tp1 the Bludgeoner (Gargoyle Berserker)             Turns: 7564, Time: 01:01:47

Health: 0/64       AC: 30    Str: 37    XL:     12   Next: 67%
Magic:  12/12      EV:  9    Int:  8    God:    Trog [*****.]
Gold:   559        SH:  0    Dex:  9    Spells: 0 memorised, 11 levels left

rFire  . . .     SeeInvis .     s - +6 shillelagh "Devastator" {shatter}
rCold  . . .     Clarity  .     K - +0 plate armour
rNeg   + . .     SustAt   .     (no shield)
rPois  ∞         Gourm    .     (no helmet)
rElec  +         Spirit   .     (no cloak)
rCorr  .         Warding  .     a - +1 pair of gloves
rMut   .         Stasis   .     (no boots)
MR     .....                    (no amulet)
Stlth  ..........               L - +3 ring of protection
                                z - +6 ring of strength

@: mighty, not resistant to hostile enchantments, extremely unstealthy
A: negative energy resistance 1, electricity resistance, unbreathing,
petrification resistance, rot immunity, AC +8
a: Burn Spellbooks, Berserk, Trog's Hand, Brothers in Arms, Renounce Religion


You were on level 3 of the Lair of Beasts.
You worshipped Trog.
Trog was extremely pleased with you.
You were hungry.

You visited 2 branches of the dungeon, and saw 14 of its levels.

You collected 559 gold pieces.

Inventory:

Hand Weapons
 f - a +2 flail of protection
 l - a +2 antimagic great mace
 s - the +6 shillelagh "Devastator" (weapon) {shatter}
   (You found it on level 4 of the Dungeon)
 w - a +0 war axe
 C - a +1 dire flail of protection
 M - the +7 Singing Sword
   (You found it on level 7 of the Dungeon)
 P - a +5 antimagic rapier
Armour
 a - a +1 pair of gloves (worn)
 K - a +0 plate armour (worn)
Jewellery
 y - an uncursed ring of magical power
 z - a +6 ring of strength (left hand)
 L - a +3 ring of protection (right hand)
 N - a +2 ring of protection
Wands
 b - a wand of polymorph (9)
 k - a wand of polymorph (9)
 r - a wand of digging (0)
 v - a wand of polymorph (16)
 B - a wand of flame (27)
 F - a wand of draining (4)
Scrolls
 h - 3 scrolls of teleportation
 n - 6 scrolls of identify
 G - 3 scrolls of magic mapping
Potions
 o - a potion of poison {unknown}
 q - 2 potions of resistance {unknown}
 t - 3 potions of heal wounds {unknown}
 u - 2 potions of cancellation {unknown}
 x - a potion of ambrosia {unknown}
 D - a potion of degeneration {unknown}
 H - 3 potions of lignification {unknown}
 O - a potion of haste {unknown}
Books
 p - a book of Spatial Translocations

   Spells                             Type                      Level
   a - Apportation                    Translocation                1
   b - Blink                          Translocation                2
   c - Shroud of Golubria             Charms/Translocation         2
   d - Portal Projectile              Translocation                3
   e - Teleport Other                 Translocation                3
   f - Passage of Golubria            Translocation                4
   Trog disapproves of the use of such an item.
 I - a book of Necromancy

   Spells                             Type                      Level
   a - Pain                           Necromancy                   1
   b - Animate Skeleton               Necromancy                   1
   c - Vampiric Draining              Necromancy                   3
   d - Regeneration                   Charms/Necromancy            3
   e - Animate Dead                   Necromancy                   4
   f - Control Undead                 Necromancy                   4
   Trog disapproves of the use of such an item.
Comestibles
 c - 5 bread rations
 d - 5 chunks of flesh
 g - 4 fruits
 j - 4 meat rations
 m - 10 slices of pizza
 E - a royal jelly
 J - 4 beef jerkies


   Skills:
 - Level 3.2 Fighting
 - Level 2.7(10.0) Axes
 * Level 15.5(15.6) Maces & Flails
 + Level 13.3 Armour
 - Level 1.5 Dodging
 + Level 1.0 Evocations


You had 11 spell levels left.
You didn't know any spells.

Dungeon Overview and Level Annotations

Branches:
Dungeon (11/15)            Temple (0/1) D:6            Lair (3/8) D:10
  Swamp: Lair:3-6    Shoals: Lair:3-6     Snake: Lair:3-6    Spider: Lair:3-6
    Orc: D:9-12

Altars:
Cheibriados
Dithmenos
Elyvilon
Kikubaaqudgha
Makhleb
Nemelex Xobeh
Okawaru
Ru
Vehumet
Yredelemnul
Zin

Annotations:
Lair:1 exclusion: oklob plant


Innate Abilities, Weirdness & Mutations

You are resistant to torment.
Your stone body is resilient (AC +8).
You are immune to poison.
You resist negative energy.
You are resistant to electric shocks.
You can survive without breathing.
You are immune to petrification.
You are immune to rotting.


Message History

* * * LOW HITPOINT WARNING * * *
You stumble backwards!
The elephant closely misses you.
The elephant trunk-slaps you but does no damage.
Drink which item? (? for menu, Esc to quit)
You feel better.
The elephant tramples you but does no damage.
The elephant trunk-slaps you but does no damage.
The elephant tramples you but does no damage.
The elephant trunk-slaps you but does no damage.
Drink which item? (? for menu, Esc to quit)
You feel very mighty all of a sudden. The elephant tramples you.
* * * LOW HITPOINT WARNING * * *
You stumble backwards!
You thump the elephant!
The elephants shudder.
The elephant is heavily wounded.
The elephant is severely wounded.
The elephant is heavily wounded.
The elephant tramples you.
You die...

#...............................
##..................††..........
#...............................
##..............................
##..............................
#P....................!.........
##.(...................?.#....P.
#.............YY...............
#.........##.#@##.#.#...#......
#.......#...........#..........
##.......#.(.............#......
#......<.#...........P...P......
##..<.........##.+...+...+...
#.......#...+....#..#
#.....†.#........#....
##....†.†.....#.#.# ...
#........†..........


You could see 2 elephants.

Vanquished Creatures
  A hydra (Lair:2)
  Pikel (D:6)
  A griffon (Lair:3)
  2 black mambas
  18 elephants
  2 spiny frogs
  A two-headed ogre (D:9)
  4 blink frogs (Lair:1)
  A deep elf mage (D:5)
  A sky beast (D:6)
  5 yaks (Lair:2)
  A hog (D:7)
  3 hippogriffs
  A basilisk (Lair:2)
  2 hungry ghosts
  A human (D:7)
  10 wolves (Lair:2)
  Edmund (D:6)
  4 water moccasins
  Duvessa (D:5)
  2 ogres
  3 necrophages (D:9)
  An ice beast (D:6)
  3 slaves (D:6)
  4 porcupines
  A phantom (D:6)
  6 centaurs
  6 crocodiles
  5 giant frogs
  A water moccasin zombie (D:9)
  5 scorpions (D:7)
  A water moccasin skeleton (D:7)
  Dowan (D:5)
  10 killer bees (D:8)
  2 wights (D:9)
  2 crimson imps
  A wasp zombie (D:9)
  2 centaur zombies
  A gnoll shaman (D:7)
  4 orc priests
  2 jellies
  A centaur skeleton (D:10)
  4 hounds
  4 orc wizards
  A giant frog skeleton (D:10)
  A giant frog zombie (D:9)
  6 worker ants
  Natasha (thrice) (D:2)
  10 iguanas
  24 sheep
  A hound zombie (D:6)
  4 hound skeletons
  2 mummies (D:9)
  17 gnolls
  A shadow imp (D:7)
  23 river rats
  16 adders
  An ooze (D:3)
  3 adder zombies
  5 worms
  6 giant geckos
  29 orcs
  4 bats
  9 giant cockroaches
  3 hobgoblins (D:2)
  9 ball pythons
  A giant gecko skeleton (D:4)
  A giant gecko zombie (D:5)
  7 giant newts
  8 goblins
  3 kobolds
  8 quokkas
  11 rats
  2 fungi
  2 plants (Lair:2)
354 creatures vanquished.

Vanquished Creatures (others)
  A slave (D:6)
  15 fungi
  A plant (Lair:3)
17 creatures vanquished.

Grand Total: 371 creatures vanquished

Notes
Turn   | Place    | Note
--------------------------------------------------------------
     0 | D:1      | tp1 the Gargoyle Berserker began the quest for the Orb.
     0 | D:1      | Reached XP level 1. HP: 14/14 MP: 1/1
   232 | D:1      | Reached XP level 2. HP: 19/19 MP: 2/2
   454 | D:2      | Noticed Natasha
   455 | D:2      | Found a snail-covered altar of Cheibriados.
   462 | D:2      | Acquired Trog's second power
   462 | D:2      | Reached XP level 3. HP: 23/23 MP: 3/3
   465 | D:2      | Killed Natasha
   465 | D:2      | Reached skill level 4 in Armour
   466 | D:2      | Reached XP level 4. HP: 25/28 MP: 4/4
   541 | D:2      | Reached skill level 5 in Armour
   573 | D:2      | Noticed Natasha
   580 | D:2      | Killed Natasha
   647 | D:2      | Noticed Natasha
   652 | D:2      | Killed Natasha
   855 | D:2      | Reached XP level 5. HP: 25/32 MP: 5/5
   883 | D:2      | Found a burning altar of Makhleb.
   885 | D:2      | Noticed an Executioner
   889 | D:2      | Noticed a hellwing
   889 | D:2      | Noticed a neqoxec
   968 | D:3      | Found a shadowy altar of Dithmenos.
  1118 | D:3      | Reached skill level 1 in Maces & Flails
  1118 | D:3      | Reached skill level 6 in Armour
  1242 | D:3      | Reached XP level 6. HP: 37/37 MP: 6/6
  1336 | D:3      | Found an iron altar of Okawaru.
  1466 | D:4      | Found a radiant altar of Vehumet.
  2107 | D:4      | Found a sacrificial altar of Ru.
  2310 | D:4      | Reached XP level 7. HP: 41/41 MP: 7/7
  2346 | D:5      | Entered Level 5 of the Dungeon
  2354 | D:5      | Reached skill level 7 in Armour
  2694 | D:5      | Noticed Dowan
  2694 | D:5      | Noticed Duvessa
  2696 | D:5      | Killed Dowan
  2696 | D:5      | Acquired Trog's third power
  2702 | D:5      | Killed Duvessa
  2702 | D:5      | Reached skill level 5 in Maces & Flails
  2856 | D:5      | Noticed a deep elf mage
  2862 | D:5      | Killed a deep elf mage
  2862 | D:5      | Reached XP level 8. HP: 41/46 MP: 8/8
  3058 | D:6      | Noticed Edmund
  3068 | D:6      | Killed Edmund
  3068 | D:6      | Reached skill level 8 in Armour
  3152 | D:6      | Noticed Pikel
  3163 | D:6      | Killed Pikel
  3163 | D:6      | Reached XP level 9. HP: 38/51 MP: 9/9
  3311 | D:6      | Found a white marble altar of Elyvilon.
  3381 | D:6      | Reached skill level 9 in Armour
  3381 | D:6      | Reached skill level 1 in Evocations
  3475 | D:6      | Found a staircase to the Ecumenical Temple.
  4067 | D:7      | Found a glowing silver altar of Zin.
  4178 | D:7      | Reached skill level 10 in Armour
  4218 | D:7      | Reached skill level 10 in Maces & Flails
  4416 | D:7      | Reached XP level 10. HP: 56/56 MP: 10/10
  4946 | D:8      | Found a sparkling altar of Nemelex Xobeh.
  5317 | D:9      | Received a gift from Trog
  5317 | D:9      | Reached skill level 11 in Maces & Flails
  5644 | D:9      | You fall through a shaft for 2 floors!
  5688 | D:10     | Entered Level 10 of the Dungeon
  5688 | D:10     | Found a staircase to the Lair.
  5688 | D:10     | Noticed an elephant
  5699 | D:10     | Killed an elephant
  5709 | Lair:1   | Entered Level 1 of the Lair of Beasts
  5722 | Lair:1   | Found an ancient bone altar of Kikubaaqudgha.
  5723 | Lair:1   | Noticed an oklob plant
  5785 | Lair:1   | Reached skill level 12 in Maces & Flails
  5833 | Lair:1   | Reached XP level 11. HP: 43/60 MP: 11/11
  5932 | Lair:1   | Noticed a black mamba
  5942 | Lair:1   | Killed a black mamba
  6161 | Lair:2   | Noticed a six-headed hydra
  6174 | Lair:2   | Killed a six-headed hydra
  6174 | Lair:2   | Reached skill level 13 in Maces & Flails
  6533 | Lair:2   | Received a gift from Trog
  7088 | Lair:3   | Reached skill level 14 in Maces & Flails
  7106 | Lair:3   | Reached XP level 12. HP: 39/64 MP: 12/12
  7421 | Lair:3   | Reached skill level 15 in Maces & Flails
  7455 | Lair:3   | Found a basalt altar of Yredelemnul.
  7556 | Lair:3   | HP: 2/64 [elephant (10)]
  7564 | Lair:3   | Slain by an elephant

Vault maps used:
D:1:      dpeg_arrival_signposts, patterned_corridor
D:2:      nicolae_overflow_crystal_walls, makhleb_altar_promises_db,
          uniq_natasha
D:3:      okawaru_gym_becter, minmay_crystal_water, grunt_dithmenos_smoke
D:4:      vehumet_crystals, nicolae_ru_path_of_blood, hangedman_feature_mirror,
          minmay_snake_closets
D:5:      first_bread, uniq_duvessa
D:6:      elyvilon_altar_4, temple_doors_e, uniq_pikel, uniq_edmund
D:7:      old_forge, zin_statuary, grunt_livestock
D:8:      nemelex_xobeh_ov_fountains_minmay
D:9:      serial_undead, serial_undead_b, serial_undead_f, serial_undead_e,
          serial_undead_b, serial_undead_c, serial_undead_c, serial_undead_c,
          due_unseen_surprise
D:10:     david_lair_generic, enter_trove_1, serial_shops, shop
D:11:     hiddenorc1_lemuel
Lair:1:   lemuel_oklob_altar
Lair:2:   serial_bayou_crossing, serial_bayou_shore_b, grunt_megastairs_3,
          bh_autumn_forest_stairs
Lair:3:   mu_elephants_graveyard, roderic_batcave, fungi_pond_lemuel,
          lemuel_centaur_altar, serial_bayou_shore_b

Action                   |  1- 3 |  4- 6 |  7- 9 | 10-12 || total
-------------------------+-------+-------+-------+-------++-------
Melee: Hand axe          |    44 |   116 |       |       ||   160
       Flail             |       |    29 |    10 |       ||    39
       Mace              |       |    80 |       |       ||    80
       Shillelagh        |       |    48 |   164 |   319 ||   531
       Dire flail        |       |       |     4 |       ||     4
       War axe           |       |       |     8 |       ||     8
       Rapier            |       |       |       |     4 ||     4
       Great mace        |       |       |       |    40 ||    40
Invok: Berserk           |     1 |     3 |     2 |       ||     6
       Trog's Hand       |       |     3 |     4 |     1 ||     8
Evoke: Wand              |       |     3 |       |       ||     3
  Use: Scroll            |       |     5 |       |     7 ||    12
       Potion            |       |     2 |       |     2 ||     4
 Stab: Distracted        |       |     1 |       |       ||     1
  Eat: Chunk             |       |     9 |    11 |    10 ||    30
       Bread ration      |       |       |       |     2 ||     2
